 Dungeon Crawl Stone Soup version 0.30.1-1-g62c8e00024 (webtiles) character file.

Game seed: 13414532914133378457

49 Gorgoleon the Grave Robber (level 3, -1/24 HPs)
             Began as a Mummy Necromancer on July 17, 2023.
             Slain by a gnoll
             ... wielding a +0 flail
              (7 damage)
             ... on level 2 of the Dungeon.
             The game lasted 00:04:22 (1209 turns).

Gorgoleon the Grave Robber (Mummy Necromancer)      Turns: 1209, Time: 00:04:22

Health: -1/24      AC:  2    Str: 11    XL:     3   Next: 51%
Magic:  0/7        EV: 12    Int: 16    God:
Gold:   35         SH:  0    Dex: 12    Spells: 6/7 levels left

rFire   . . .        b - +0 spear
rCold   + . .        (no shield)
rNeg    + + +        a - +0 robe
rPois   ∞            (no helmet)
rElec   .            (no cloak)
rCorr   .            (no gloves)
SInv    +            (no boots)
Will    .....        d - amulet of regeneration
Stlth   ++           g - ring of protection from fire
HPRegen 1.04/turn    h - ring of see invisible
MPRegen 0.10/turn

%: faith
@: no status effects
A: cold resistance 1, negative energy resistance 3, torment resistance 2, heat
vulnerability 1, in touch with death 1, no potions, faith
a: no special abilities


You were on level 2 of the Dungeon.
You visited 1 branch of the dungeon, and saw 2 of its levels.

You collected 35 gold pieces.

Inventory:

Hand Weapons
 b - a +0 spear (weapon)
Armour
 a - a +0 robe (worn)
Jewellery
 d - an amulet of regeneration (around neck)
 g - a ring of protection from fire (left hand)
 h - a ring of see invisible (right hand)
Scrolls
 c - a scroll of vulnerability {unknown}
 e - 2 scrolls of identify {unknown}
 f - a scroll of poison {unknown}
 i - a scroll of immolation {unknown}


   Skills:
 - Level 1.5 Dodging
 - Level 1.5 Stealth
 - Level 2.6 Spellcasting
 + Level 5.3 Necromancy


You had 6 spell levels left.
You knew the following spells:

 Your Spells              Type           Power      Damage    Failure   Level
a - Necrotise             Necr           100%       1d9       2%          1

Your spell library contained the following spells:

 Spells                   Type           Power      Damage    Failure   Level
 Vampiric Draining        Necr           28%        2d8       6%          3
 Animate Dead             Necr           28%        N/A       22%         4
 Agony                    Necr           28%        N/A       52%         5


Dungeon Overview and Level Annotations

Branches:
Dungeon (2/15)

Altars:

Shops:
D:1 ?


Innate Abilities, Weirdness & Mutations

You are immune to poison.
Your flesh is cold resistant. (rC+)
You are immune to negative energy. (rN+++)
You are immune to unholy pain and torment.
You are vulnerable to heat. (rF-)
You are in touch with the powers of death.
You do not drink.
You have a special connection with the divine. (Faith)


Message History

The gnoll hits your gnoll skeleton with a +0 club.
The gnoll hits your gnoll skeleton with a +0 club.
Your gnoll skeleton is destroyed!
Aiming: Necrotise (safe; 2% risk of failure)
Press: ? - help, Q - select action Shift-Dir - straight line, f - gnoll
Aim: a gnoll, wielding a +0 club (lightly wounded, chance to affect: 88%)
You feel a surge of power!
You miscast Necrotise.
You are very lightly contaminated with residual magic.
Nothing appears to happen.
Aiming: Necrotise (safe; 2% risk of failure)
Press: ? - help, Q - select action Shift-Dir - straight line, f/p - gnoll
Aim: a gnoll, wielding a +0 club (lightly wounded, chance to affect: 88%)
You feel a surge of power!
The gnoll barely resists.
The gnoll barely misses you.
You hit the gnoll but do no damage.
The gnoll is lightly wounded.
The gnoll hits you with a +0 club.
You barely miss the gnoll.
The gnoll is lightly wounded.
The gnoll hits you with a +0 club.
Aiming: Necrotise (safe; 2% risk of failure)
Press: ? - help, Q - select action Shift-Dir - straight line, f/p - gnoll
Aim: a gnoll, wielding a +0 club (lightly wounded, chance to affect: 88%)
You feel a surge of power!
The gnoll writhes in agony!
The gnoll closely misses you.
You hit the gnoll.
You kill the gnoll!
You hit the gnoll but do no damage. The gnoll closely misses you.
Your magical contamination has completely faded away.
You hit the gnoll but do no damage. The gnoll hits you with a +0 flail.
You closely miss the gnoll. The gnoll hits you with a +0 flail!
* * * LOW HITPOINT WARNING * * *
You hit the gnoll.
The gnoll is moderately wounded.
The gnoll closely misses you. The gnoll hits you with a +0 flail.
* * * LOW HITPOINT WARNING * * *
You hit the gnoll.
The gnoll is moderately wounded.
The gnoll hits you with a +0 flail!
You die...

#### [.# #.#
####.##########
###............@#
#......#.#####.#g#
#.#.##...# #.###)#
##.#.##..## #.#
#.# ...........#.#
#.. .........#...
... ####.###.#####
#.# # #.# #.# .. #
#.# #.#


You could see a gnoll.

Vanquished Creatures
  2 gnolls (D:2)
  3 dart slugs (D:1)
  A ball python (D:1)
  An endoplasm (D:1)
  A giant cockroach (D:1)
  A hobgoblin (D:2)
  3 kobolds
  4 bats
  A frilled lizard (D:2)
  4 goblins
  3 rats (D:1)
24 creatures vanquished.

Vanquished Creatures (collateral kills)
  A hobgoblin (D:1)
1 creature vanquished.

Grand Total: 25 creatures vanquished

Notes
Turn   | Place    | Note
-------+----------+-------------------------------------------
     0 | D:1      | Gorgoleon the Mummy Necromancer began the quest for the
                  | Orb.
     0 | D:1      | Reached XP level 1. HP: 13/13 MP: 4/4
   186 | D:1      | Found Mif Vehi's Magic Scroll Shop.
   481 | D:1      | Reached XP level 2. HP: 19/19 MP: 5/5
   747 | D:1      | Found Vetsua's Book Shoppe.
  1019 | D:2      | Identified the +8 mace of the Eternal Warrior {holy, *Noise
                  | rF+++ Str+3 Int-5}
  1185 | D:2      | Reached skill level 5 in Necromancy
  1192 | D:2      | Gained mutation: You are in touch with the powers of death.
                  | [Mummy growth]
  1192 | D:2      | Reached XP level 3. HP: 18/24 MP: 4/7
  1209 | D:2      | Slain by a gnoll

Illustrated notes

Levels and vault maps discovered:
D:1:      minmay_arrival_wavy_path, layout_basic, serial_shops,
          nicolae_shop_statue_plus, shop
D:2:      layout_loops_ring

Skill      XL: |  1  2 |
---------------+-------+-----
Necromancy     | 5 |  5.3
Dodging        | |  1.5
Stealth        | |  1.5
Spellcasting   | |  2.6

Action                     || total
---------------------------++-------
  Melee: Spear             ||    32
   Cast: Necrotise         ||    41
   Stab: Sleeping          ||     1
 Armour: Robe              ||     1
  Dodge: Dodged            ||    22
